 Dungeon Crawl Stone Soup version 0.22-a0-580-gd5db89c (webtiles) character file.

11 Amnesiac the Ducker (level 2, -1/14 HPs)
             Began as a Spriggan Monk on July 2, 2018.
             Slain by a hound (3 damage)
             ... on level 5 of the Dungeon.
             The game lasted 00:02:38 (658 turns).

Amnesiac the Ducker (Spriggan Monk)                  Turns: 658, Time: 00:02:40

Health: -1/14      AC:  2    Str:  7    XL:     2   Next: 13%
Magic:  3/3        EV: 26    Int: 11    God:
Gold:   86         SH:  0    Dex: 23    Spells: 1/1 levels left

rFire    . . .     SeeInvis +   a - +0 short sword
rCold    . . .     Gourm    .   (shield restricted)
rNeg     . . .     Faith    .   b - +0 robe
rPois    .         Spirit   .   (helmet restricted)
rElec    .         Reflect  .   (no cloak)
rCorr    .         Harm     .   (gloves unavailable)
MR       +....                  (boots unavailable)
Stlth    ++++......             (no amulet)
HPRegen  0.04/turn              (no ring)
MPRegen  0.08/turn              (no ring)

@: agile, very quick
A: very small, unfitting armour, see invisible, herbivore, speed 3, frail 1,
magic resistance 1, slow metabolism 2
a: no special abilities


You were on level 5 of the Dungeon.
You were not hungry.

You visited 1 branch of the dungeon, and saw 8 of its levels.

You collected 86 gold pieces.

Inventory:

Hand Weapons
 a - a +0 short sword (weapon)
 i - a +0 hunting sling
Armour
 b - a +0 robe (worn)
Scrolls
 d - a scroll of blinking {!r, unknown}
 e - a scroll of fear {!r, unknown}
 g - 2 scrolls of identify {!r, unknown}
 h - 3 scrolls of teleportation {!r, unknown}
Comestibles
 c - 3 rations


   Skills:
 - Level 2.4 Fighting
 * Level 3.7 Short Blades
 + Level 4.4 Dodging
 + Level 3.6 Stealth


You had one spell level left.
You didn't know any spells.
Your spell library was empty.

Dungeon Overview and Level Annotations

Branches:
Dungeon (8/15)
 Temple: D:4-7         Lair: D:8-11

Altars:
Okawaru


Innate Abilities, Weirdness & Mutations

You are very small and have problems with some larger weapons.
You are too small for most types of armour.
You have supernaturally acute eyesight. (SInv)
You are a herbivore.
You cover ground extremely quickly.
You need to consume almost no food.
You are frail. (-10% HP)
You are resistant to hostile enchantments. (MR+)


Message History

Found a scroll labeled MUACODI URAX. 2 wights come into view.
Found a throwing net and 6 gold pieces.
A jackal comes into view.
Found a scroll labeled ERAUNA ONATI.
Found a stone staircase leading up.
You hear a distant blaring wail to the north.
An adder comes into view.
There is a stone staircase leading up here.
You climb upwards.
Found a ration.
There is a stone staircase leading down here.
c - 3 rations (gained 1)
You start resting.
A worker ant comes into view.
You start resting.
The hound is too close now for your liking.
You completely miss the hound.
The hound barks!
The hound completely misses you.
You barely miss the hound. The hound completely misses you.
The hound misses you.
You hit the hound but do no damage. The hound completely misses you.
You hit the hound but do no damage. The hound closely misses you.
The hound bites you.
You hit the hound but do no damage. The hound bites you.
* * * LOW HITPOINT WARNING * * *
You hit the hound.
The hound is lightly wounded.
The hound misses you. The hound bites you.
* * * LOW HITPOINT WARNING * * *
You hit the hound.
The hound is moderately wounded.
The hound closely misses you.
Really quaff
f - a murky silvery potion {!q}?
It was a potion of mutation {!q}.
You feel extremely strange.
You feel frail.
You feel resistant to hostile enchantments.
The hound misses you.
Really quaff
j - a ruby potion {!q}?
It was a potion of agility {!q}.
You feel agile all of a sudden. The hound bites you.
* * * LOW HITPOINT WARNING * * *
The hound completely misses you.
Unknown command.
You closely miss the hound.
The hound is moderately wounded.
The hound completely misses you.
You closely miss the hound.
The hound is moderately wounded.
The hound completely misses you.
You hit the hound.
The hound is moderately wounded.
The hound misses you. The hound completely misses you.
You barely miss the hound.
The hound is moderately wounded.
The hound completely misses you.
You hit the hound but do no damage.
The hound is moderately wounded.
The hound bites you.
* * * LOW HITPOINT WARNING * * *
The hound bites you.
You die...

#. #.#
##Z##.....>...< #..
#.# #. #.h>#######
.. #.# #.##...#
...#.##.####......#
..................#
#>#######<### #.#
#.# #.#######.#
#..@h.....#
###########


You could see a hound.

Vanquished Creatures
  A hobgoblin (D:3)
  3 jackals (D:1)
  A kobold (D:1)
  A bat (D:1)
  3 frilled lizards
  A leopard gecko skeleton (D:4)
  A rat (D:2)
11 creatures vanquished.

Notes
Turn   | Place    | Note
-------+----------+-------------------------------------------
     0 | D:1      | Amnesiac the Spriggan Monk began the quest for the Orb.
     0 | D:1      | Reached XP level 1. HP: 11/11 MP: 2/2
   249 | D:3      | Reached XP level 2. HP: 16/16 MP: 3/3
   448 | D:5      | Entered Level 5 of the Dungeon
   454 | D:5      | You fall through a shaft for 3 floors!
   460 | D:8      | Noticed a necrophage
   463 | D:8      | Noticed a scorpion
   468 | D:8      | Noticed a crocodile
   471 | D:8      | Found an iron altar of Okawaru.
   478 | D:8      | Noticed an orc warrior
   494 | D:8      | Noticed an ice beast
   521 | D:7      | Noticed a bullfrog
   554 | D:6      | Noticed a wight
   554 | D:6      | Noticed a wight
   650 | D:5      | Gained mutation: You are frail. (-10% HP) [potion of mutation]
   650 | D:5      | Gained mutation: You are resistant to hostile enchantments. (MR+) [potion of mutation]
   658 | D:5      | Slain by a hound

Vault maps used:
D:1:      dpeg_arrival_rhombi
D:2:      kennysheep_doodads, minmay_lizard_king, uniq_terence
D:3:      lemuel_crystal_altar, grunt_temple_overflow_open, first_ration,
          kennysheep_decorative_pillar
D:4:      minmay_temple_entry_enclosed_plants, bloody_makhleb
D:5:      serial_shops, nicolae_shop_statue_plus, kennysheep_little_box,
          nicolae_shop_trees, shop_statue, shop, serial_glass, glass_columns_a,
          glass_columns_b, uniq_blork_the_orc, uniq_crazy_yiuf_cottage
D:6:      serial_shops, nicolae_shop_waterfront, st_stairs_5,
          grunt_dithmenos_smoke_and_mirrors
D:7:      serial_shops, nicolae_shop_stone
D:8:      kennysheep_orc_sif_temple, kennysheep_okawaru_gauntlet, serial_undead,
          serial_undead_f, serial_undead_d, serial_undead_d, serial_undead_b,
          serial_undead_d, serial_undead_f, serial_undead_e, serial_undead_a

Action                   || total
-------------------------++-------
Melee: Short sword       ||    45
  Use: Potion            ||     3
 Stab: Sleeping          ||     6
Armor: Robe              ||     6
Dodge: Dodged            ||    52

Table legend:
 A = Spawn XP
 B = Non-spawn XP
 C = Spawn XP percentage of total XP
 D = Spawn monster count
 E = Non-spawn monster count
 F = Spawn count percentage of total count
 G = Total turns spent on level
                    A         B        C        D         E        F      G
               +---------+---------+-------+---------+---------+-------+---------
         Total |       0 |      16 |   0.0 |       0 |      11 |   0.0 |   658
               +---------+---------+-------+---------+---------+-------+---------
           D:1 |       0 |       9 |   0.0 |       0 |       5 |   0.0 |   132
           D:2 |       0 |       1 |   0.0 |       0 |       1 |   0.0 |    95
           D:3 |       0 |       3 |   0.0 |       0 |       2 |   0.0 |    70
           D:4 |       0 |       3 |   0.0 |       0 |       3 |   0.0 |   151
               +---------+---------+-------+---------+---------+-------+---------
